 Dungeon Crawl Stone Soup version 0.24-a0-250-g6074511 (webtiles) character file.

Game seed: 17988882310058300295

140 Lanoc the Poker (level 5, -6/63 HPs)
             Began as a Merfolk Monk on Apr 14, 2019.
             Killed from afar by an orc wizard (8 damage)
             ... with a puff of flame
             ... on level 2 of the Dungeon.
             The game lasted 00:02:25 (1157 turns).

Lanoc the Poker (Merfolk Monk)                      Turns: 1157, Time: 00:02:26

Health: -6/63      AC: 22    Str: 11    XL:     5   Next: 22%
Magic:  14/14      EV:  2    Int:  9    God:
Gold:   77         SH:  0    Dex: 18    Spells: 4/4 levels left

rFire    . . .     SeeInvis .   a - +0 spear
rCold    . . .     Gourm    .   (no shield)
rNeg     + + +     Faith    .   (armour currently unavailable)
rPois    +         Spirit   .   (helmet currently unavailable)
rElec    .         Reflect  .   (cloak currently unavailable)
rCorr    .         Harm     .   (gloves currently unavailable)
MR       .....     NoTele   +   (boots currently unavailable)
Stlth    +.........             (no amulet)
HPRegen  0.20/turn              g - ring of magical power
MPRegen  0.14/turn              (no ring)

@: confused, tree-form, very slightly contaminated, invisible
A: (change form in water), (swift swim), (stealthy swim)
a: no special abilities


You were on level 2 of the Dungeon.
You were hungry.
You were a tree.
You visited 1 branch of the dungeon, and saw 3 of its levels.

You collected 77 gold pieces.

Inventory:

Hand Weapons
 a - a +0 spear (weapon)
Armour
 b - a +0 robe (melded)
 h - a +0 helmet (melded)
Jewellery
 g - a ring of magical power (left branch)
Scrolls
 f - a scroll of immolation {unknown}
 k - a scroll of enchant armour {unknown}
Potions
 i - a potion of berserk rage {unknown}
 j - a potion of curing {unknown}
Comestibles
 c - 5 rations


   Skills:
 + Level 4.2 Fighting
 * Level 6.7 Polearms
 + Level 5.1 Dodging
 - Level 2.1 Stealth


You had 4 spell levels left.
You didn't know any spells.
Your spell library was empty.

Dungeon Overview and Level Annotations

Branches:
Dungeon (3/15)

Altars:


Message History

The orc wizard is almost dead.
The orc wizard points at you and mumbles some strange words.
The puff of flame hits you.
* * * LOW HITPOINT WARNING * * *
It was a potion of invisibility.
You fade into invisibility!
The orc wizard gestures at you while chanting.
You are confused.
You are very lightly contaminated with residual magic.
Unknown command.
It was a potion of lignification.
You turn into a tree.
Your +0 helmet melds into your body.
Your +0 robe melds into your body.
Your roots penetrate the ground.
The orc wizard hits you but does no damage.
You cannot move. (Use ctrl+direction or * direction to attack without moving.)
You cannot move. (Use ctrl+direction or * direction to attack without moving.)
You nearly hit yourself!
The orc wizard points at you and mumbles some strange words.
The puff of flame hits you!
You die...

#.# #.# #.# #.# #.#
#####'###########
##.###...............#
#...........########.##########
#####.......#..................
#.#######.######.##########
#.#######[######.##########
#........o♣................
################.########## #.#
#.# #.# #.# #.# #.# #.#


You could see an orc wizard.

Vanquished Creatures
  Jessica (D:2)
  Natasha (thrice) (D:2)
  2 adders (D:2)
  A worm (D:2)
  An orc (D:2)
  A giant cockroach (D:1)
  2 goblins (D:2)
  4 jackals (D:2)
  4 bats
  A frilled lizard (D:2)
  A kobold (D:2)
  2 rats (D:1)
23 creatures vanquished.

Notes
Turn   | Place    | Note
-------+----------+-------------------------------------------
     0 | D:1      | Lanoc the Merfolk Monk began the quest for the Orb.
     0 | D:1      | Reached XP level 1. HP: 18/18 MP: 1/1
   176 | D:2      | Reached XP level 2. HP: 24/24 MP: 2/2
   192 | D:2      | Noticed Natasha
   202 | D:2      | Killed Natasha
   202 | D:2      | Reached skill level 5 in Polearms
   202 | D:2      | Reached XP level 3. HP: 9/30 MP: 3/3
   763 | D:2      | Noticed Natasha
   772 | D:2      | Killed Natasha
   772 | D:2      | Reached skill level 6 in Polearms
   772 | D:2      | Reached XP level 4. HP: 25/37 MP: 4/4
   915 | D:2      | Noticed Natasha
   921 | D:2      | Killed Natasha
   921 | D:2      | Reached skill level 5 in Dodging
  1047 | D:2      | Noticed Jessica
  1056 | D:2      | Killed Jessica
  1056 | D:2      | Reached XP level 5. HP: 24/42 MP: 5/5
  1154 | D:2      | HP: 1/42 [orc wizard/puff of flame (5)]
  1157 | D:2      | Killed from afar by an orc wizard

Levels and vault maps discovered:
D:1:      dpeg_arrival_water_fire, layout_basic, st_stairs_1,
          minmay_pentomino_z2
D:2:      layout_basic, first_ration, uniq_jessica, uniq_natasha
D:3:      layout_loops_corners, okawaru_altar_gauntlet_db

Skill      XL: |  1  2  3  4 |
---------------+-------------+-----
Polearms       | 5 6 |  6.7
Fighting       | 4 |  4.2
Dodging        | 5 |  5.1
Stealth        | |  2.1

Action                   |  1- 3 |  4- 6 || total
-------------------------+-------+-------++-------
Melee: Spear             |    77 |    61 ||   138
  Use: Potion            |       |     2 ||     2
 Stab: Sleeping          |     5 |     2 ||     7
Armor: Robe              |    11 |     4 ||    15
       Skin              |       |     1 ||     1
Dodge: Dodged            |    39 |    29 ||    68

Table legend:
 A = Non-vault XP
 B = Vault XP
 C = Vault XP percentage of total XP
 D = Non-vault monster count
 E = Vault monster count
 F = Vault count percentage of total count
                 A         B        C        D         E       F
            +---------+---------+-------+---------+---------+-------
      Total |     124 |      76 |  38.0 |      19 |       4 |  17.4
            +---------+---------+-------+---------+---------+-------
        D:1 |       3 |       3 |  50.0 |       3 |       2 |  40.0
        D:2 |     121 |      73 |  37.6 |      16 |       2 |  11.1
            +---------+---------+-------+---------+---------+-------
